 Dungeon Crawl Stone Soup version 0.19-a0-1311-gdcfd90a (webtiles) character file.

2882 IcyTea the Arsonist (level 9, -9/66 HPs)
             Began as a Yellow Draconian Fire Elementalist on Aug 31, 2016.
             Was a Follower of Hepliaklqana.
             Mangled by an orc warrior
             ... wielding a +0 dire flail
              (26 damage)
             ... on level 6 of the Dungeon.
             The game lasted 00:42:28 (7908 turns).

IcyTea the Arsonist (DrFE)                          Turns: 7908, Time: 00:42:28

Health: -9/66      AC: 10    Str: 17    XL:     9   Next: 48%
Magic:  2/15       EV: 12    Int: 19    God:    Hepliaklqana [*.....]
Gold:   210        SH:  0    Dex: 11    Spells: 4 memorised, 5 levels left

rFire  . . .     SeeInvis .     s - +2 quarterstaff
rCold  . . .     Gourm    +     (armour unavailable)
rNeg   . . .     Faith    .     (shield currently unavailable)
rPois  .         Spirit   .     (helmet restricted)
rElec  .         Dismiss  .     (no cloak)
rCorr  +         Reflect  .     y - +1 pair of gloves
MR     .....     Harm     .     e - +0 pair of boots
Stlth  ++........               n - amulet of the gourmand
                                (no ring)
                                k - +6 ring of strength

@: no status effects
A: spit acid, acid resistance, unfitting armour, cold-blooded, AC +7
a: Spit Acid, Recall Ancestor, Ancestor Identity, Renounce Religion


You were on level 6 of the Dungeon.
You worshipped Hepliaklqana.
Hepliaklqana was aware of your devotion.
You were full.

You visited 2 branches of the dungeon, and saw 8 of its levels.
You also visited: Ossuary.

You collected 375 gold pieces.
You spent 165 gold pieces at shops.

Inventory:

Hand Weapons
 s - a +2 quarterstaff (weapon)
Missiles
 j - 10 tomahawks (quivered)
Armour
 e - a +0 pair of boots (worn)
 y - a +1 pair of gloves (worn)
Jewellery
 k - a +6 ring of strength (left hand)
 n - an amulet of the gourmand (around neck)
Wands
 A - a wand of iceblast (7/15)
Scrolls
 f - 7 scrolls of identify
 g - 2 scrolls of teleportation
 h - a scroll of blinking
 o - a scroll of amnesia
 p - a scroll of magic mapping
 q - 3 scrolls of remove curse
Potions
 b - 8 potions of curing
 i - a potion of might
 m - a potion of agility {unknown}
 r - a potion of lignification
 t - a potion of brilliance {unknown}
 w - a potion of invisibility {unknown}
 x - a potion of flight
 z - a potion of haste
Books
 a - a book of Flames

   Spells                             Type                      Level
   a - Flame Tongue                   Conjuration/Fire             1
   b - Throw Flame                    Conjuration/Fire             2
   c - Conjure Flame                  Conjuration/Fire             3
   d - Inner Flame                    Hexes/Fire                   3
   e - Sticky Flame                   Conjuration/Fire             4
   f - Fireball                       Conjuration/Fire             5
 l - a book of the Dragon

   Spells                             Type                      Level
   a - Flame Tongue                   Conjuration/Fire             1
   b - Cause Fear                     Hexes                        4
   c - Bolt of Fire                   Conjuration/Fire             6
   d - Dragon Form                    Transmutation                7
   e - Dragon's Call                  Summoning                    9
 B - a book of Callings

   Spells                             Type                      Level
   a - Summon Small Mammal            Summoning                    1
   b - Call Imp                       Summoning                    2
   c - Call Canine Familiar           Summoning                    3
   d - Summon Guardian Golem          Hexes/Summoning              3
   e - Summon Lightning Spire         Summoning/Air                4
   f - Summon Ice Beast               Ice/Summoning                4
Comestibles
 c - 4 beef jerkies
 d - 3 meat rations
 u - a bread ration
 v - a slice of pizza


   Skills:
 - Level 5.0 Fighting
 - Level 3.1 Staves
 - Level 1.7 Dodging
 - Level 1.7 Stealth
 + Level 4.5 Spellcasting
 - Level 7.0 Conjurations
 - Level 3.0 Hexes
 - Level 8.1 Fire Magic


You had 5 spell levels left.
You knew the following spells:

 Your Spells              Type           Power        Failure   Level  Hunger
a - Flame Tongue          Conj/Fire      ####.        1%          1    None
b - Throw Flame           Conj/Fire      ####..       1%          2    #......
c - Fireball              Conj/Fire      ####......   17%         5    ######.
d - Cause Fear            Hex            ###.......   38%         4    ####...


Dungeon Overview and Level Annotations

Branches:
Dungeon (7/15)             Temple (1/1) D:6

Altars:
Ashenzari
Cheibriados
Dithmenos
Elyvilon
Fedhas
Gozag
Hepliaklqana
Kikubaaqudgha
Makhleb
Nemelex Xobeh
Okawaru
Qazlal
Ru
Sif Muna
Trog
Vehumet
Xom
Yredelemnul
Zin
The Shining One

Shops:
D:4 !   D:7 [


Innate Abilities, Weirdness & Mutations

You can spit globs of acid.
You are resistant to acid.
Your golden yellow scales are hard. (AC +7)
Your body does not fit into most forms of armour.
You are cold-blooded and may be slowed by cold attacks.


Message History

You see here a book of Callings.
B - a book of Callings The giant frog barely misses you.
The giant frog hits you but does no damage.
The giant frog hits you but does no damage.
There is a stone staircase leading up, spattered with blood here.
The giant frog hits you!
You climb upwards.
The orc warrior hits you with a dire flail.
There is a stone staircase leading down, spattered with blood here.
The giant frog hits you but does no damage.
The orc warrior hits you with a dire flail!
* * * LOW HITPOINT WARNING * * *
The giant frog misses you.
An orc wizard comes into view. It is wielding a dagger.
The orc wizard mumbles some strange words.
The orc wizard flickers and vanishes!
Deactivating autopickup; reactivate with Ctrl-A.
The orc warrior hits you with a dire flail!!
You die...

....#............#............#
....'............#.....##'#####
....#.................##.....##
...##....##.........o..#......#
...##'#############....#......#
.........##......##(.(o'..o...#
###......#.....>F{..((##.....##
._#......#......o...((##.....##
..###....##.....@..(.((..(<...#
._###....#######†##...##......#
###......##..>##.##...##......#
......................#########
......................##.....##
......................#.......#
..............##......##.....#
...##....##...##'#######.....#
...##....##...##......##.....#
.


You could see an orc warrior, a giant frog, an orc priest (wandering) and an orc
wizard (wandering).

Vanquished Creatures
  4 yaks
  A wraith (Ossuary)
  Menkaure (D:5)
  An ice beast (D:5)
  A sky beast (D:7)
  2 centaurs
  3 ogres
  A scorpion (D:7)
  The ghost of KuKumber the Chopper, a weakling HOMo (D:3)
  2 killer bees (D:6)
  A crimson imp (D:5)
  A giant frog zombie (D:5)
  2 jellies (D:5)
  A human zombie (Ossuary)
  An orc priest (D:6)
  A hound (D:5)
  4 orc wizards
  4 worker ants
  4 mummies
  4 gnolls (D:5)
  A howler monkey skeleton (D:7)
  7 adders
  A shadow imp (D:7)
  2 oozes (D:3)
  An adder zombie (D:6)
  A worm (D:2)
  4 giant geckos
  19 orcs
  2 ball pythons (D:4)
  7 bats
  5 giant cockroaches
  6 goblins
  4 hobgoblins
  8 jackals (D:2)
  8 kobolds
  A quokka (D:4)
  A giant gecko zombie (D:3)
  7 giant newts
  A gnoll zombie (Ossuary)
  3 goblin zombies (Ossuary)
  5 hobgoblin zombies
  3 kobold zombies (Ossuary)
  8 rats
145 creatures vanquished.

Vanquished Creatures (collateral kills)
  A yak (D:6)
  A centaur (D:6)
  A wyvern skeleton (D:7)
  A killer bee (D:6)
  2 crimson imps
  A hound (D:6)
  An orc priest (D:6)
  2 orc wizards
  A worker ant (D:7)
  2 orcs
  A quokka zombie (D:7)
14 creatures vanquished.

Vanquished Creatures (others)
  4 ancestors
4 creatures vanquished.

Grand Total: 163 creatures vanquished

Notes
Turn   | Place    | Note
-------+----------+-------------------------------------------
     0 | D:1      | IcyTea the Draconian Fire Elementalist began the quest for the Orb.
     0 | D:1      | Reached XP level 1. HP: 14/14 MP: 3/3
   178 | D:2      | Reached XP level 2. HP: 11/20 MP: 0/5
   319 | D:2      | Noticed an angel
   320 | D:2      | Found a glowing silver altar of Zin.
   387 | D:2      | Reached skill level 4 in Fire Magic
   391 | D:2      | Learned a level 2 spell: Throw Flame
   838 | D:2      | Reached XP level 3. HP: 26/26 MP: 4/6
  1765 | D:3      | Noticed KuKumber's ghost (weakling HOMo)
  1797 | D:3      | Killed KuKumber's ghost
  1797 | D:3      | Reached XP level 4. HP: 14/33 MP: 1/9
  2325 | D:3      | Reached XP level 5. HP: 38/38 MP: 10/10
  2333 | D:3      | Learned a level 5 spell: Fireball
  2891 | D:4      | Found a blossoming altar of Fedhas.
  2937 | D:4      | Found a sand-covered staircase.
  2944 | Ossuary  | Entered an ossuary
  2944 | Ossuary  | Noticed a wraith
  2944 | Ossuary  | Noticed a wraith
  2944 | Ossuary  | Noticed a wraith
  3161 | Ossuary  | Reached XP level 6. HP: 45/45 MP: 0/12
  3479 | Ossuary  | Noticed a wraith
  3492 | Ossuary  | Killed a wraith
  4105 | D:4      | Found Mackaon's Distillery.
  4111 | D:4      | Bought 2 potions of curing for 66 gold pieces
  4111 | D:4      | Bought 2 potions of curing for 66 gold pieces
  4111 | D:4      | Bought a potion of curing for 33 gold pieces
  4442 | D:5      | Entered Level 5 of the Dungeon
  4442 | D:5      | Noticed Menkaure
  4446 | D:5      | Killed Menkaure
  4446 | D:5      | Your scales start taking on a golden yellow colour.
  4446 | D:5      | Reached XP level 7. HP: 48/60 MP: 8/13
  4585 | D:5      | Reached skill level 5 in Fighting
  4606 | D:5      | Learned a level 4 spell: Cause Fear
  4620 | D:5      | Reached skill level 5 in Conjurations
  4691 | D:5      | Found a white marble altar of Elyvilon.
  5305 | D:5      | Reached XP level 8. HP: 68/68 MP: 10/14
  5563 | D:5      | Reached skill level 1 in Staves
  5586 | D:6      | Found Kuenig's Weapon Shoppe.
  5777 | D:6      | Found a shimmering altar of Xom.
  5840 | D:6      | Found a staircase to the Ecumenical Temple.
  5860 | Temple   | Entered the Ecumenical Temple
  5947 | Temple   | Became a worshipper of Hepliaklqana
  6125 | D:6      | Found a shimmering altar of Xom.
  6126 | D:6      | Found a burning altar of Makhleb.
  6229 | D:6      | HP: 1/61 [orc wizard/magic dart (9)]
  6817 | D:6      | Found a deep blue altar of Sif Muna.
  6861 | D:7      | Found a shimmering altar of Xom.
  6861 | D:7      | Found a shimmering altar of Xom.
  6861 | D:7      | Found a shimmering altar of Xom.
  6877 | D:7      | Found a shimmering altar of Xom.
  6942 | D:7      | Found Vexoip's Antique Armour Shoppe.
  6970 | D:7      | Reached skill level 5 in Fire Magic
  7013 | D:7      | Reached * piety under Hepliaklqana
  7129 | D:7      | Reached skill level 6 in Fire Magic
  7129 | D:7      | Reached XP level 9. HP: 36/66 MP: 10/15
  7797 | D:6      | Reached skill level 7 in Fire Magic
  7888 | D:7      | Reached skill level 8 in Fire Magic
  7908 | D:6      | Mangled by an orc warrior

Vault maps used:
D:1:      minmay_arrival_four_houses
D:2:      zin_angel
D:4:      lemuel_round_altar, nicolae_ossuary_entry_giza, serial_shops, shop
D:5:      elyvilon_altar_5, first_bread, uniq_menkaure
D:6:      lemuel_blue_sif_altar, grunt_temple_overflow_champion_of_chaos,
          basic_altar, serial_shops, shop, uniq_crazy_yiuf_cottage
D:7:      serial_shops, nicolae_shop_temple_entry_statues_fountains,
          serial_curves, eino_curves_04, eino_curves_02, the_bakery,
          minmay_misc_feat_tiny, xom_redecorated
Temple:   eino_temple_water
Ossuary:  ossuary_kennysheep_city_of_the_dead

Skill      XL: |  1  2  3  4  5  6  7  8  9 |
---------------+----------------------------+-----
Fire Magic     | 4 6 8 |  8.1
Conjurations   | 2 3 4 6 7 |  7.0
Spellcasting   | 3 4 |  4.5
Fighting       | 4 5 |  5.0
Staves         | 3 |  3.1
Hexes          | 3 |  3.0
Dodging        | |  1.7
Stealth        | |  1.7

Action                   |  1- 3 |  4- 6 |  7- 9 || total
-------------------------+-------+-------+-------++-------
Melee: Dagger            |    17 |       |       ||    17
       Tailslap          |     3 |     7 |     8 ||    18
       Spear             |     1 |       |       ||     1
       Short sword       |    43 |    64 |       ||   107
       Quarterstaff      |       |       |    71 ||    71
 Cast: Flame Tongue      |    66 |    90 |   153 ||   309
       Throw Flame       |       |     1 |     3 ||     4
       Cause Fear        |       |       |     3 ||     3
       Fireball          |       |       |     1 ||     1
Invok: Ancestor Identity |       |       |     1 ||     1
       Recall Ancestor   |       |       |     2 ||     2
 Abil: Spit Acid         |       |       |     1 ||     1
  Use: Scroll            |     6 |     5 |     5 ||    16
       Potion            |     3 |     7 |     3 ||    13
 Stab: Sleeping          |     1 |     3 |     2 ||     6
  Eat: Chunk             |     4 |     3 |    17 ||    24
       Pizza             |       |     1 |       ||     1
       Bread ration      |       |     1 |       ||     1
Armor: Skin              |    32 |    38 |    44 ||   114
Dodge: Dodged            |    59 |    61 |   136 ||   256
